 Dungeon Crawl Stone Soup version 0.30-a0-845-g7c6808c8ce (webtiles) character file.

Game seed: 9643019339401070571

977 avis the Shooter (level 7, -3/59 HPs)
             Began as a Demigod Hunter on Mar 3, 2023.
             Slain by an iguana (11 damage)
             ... on level 5 of the Dungeon.
             The game lasted 00:40:55 (5179 turns).

avis the Shooter (Demigod Hunter)                   Turns: 5179, Time: 00:40:55

Health: -3/59      AC:  4    Str: 12    XL:     7   Next: 63%
Magic:  9/9        EV: 13    Int: 11    God:
Gold:   318        SH:  0    Dex: 25    Spells: 4/6 levels left

rFire   . . .      SeeInvis .    a - +0 shortbow
rCold   . . .      Faith    .    (shield currently unavailable)
rNeg    . . .      Spirit   .    c - +0 leather armour
rPois   .          Reflect  .    r - +0 helmet
rElec   .          Rampage  .    (no cloak)
rCorr   .                        (no gloves)
Will    .....                    (no boots)
Stlth   ++                       (no amulet)
HPRegen 0.29/turn                (no ring)
MPRegen 0.11/turn                (no ring)

@: no status effects
A: high MP 1, forlorn, divine attributes
a: no special abilities


You were on level 5 of the Dungeon.
You visited 1 branch of the dungeon, and saw 5 of its levels.

You collected 318 gold pieces.

Inventory:

Hand Weapons
 a - a +0 shortbow (weapon)
 o - a +1 whip of distortion
 p - a +0 long sword
 q - a +0 dagger of speed
 y - a +1 dagger of speed
 A - a +0 dagger of venom
Missiles
 e - 10 boomerangs
 l - 4 javelins
Armour
 c - a +0 leather armour (worn)
 h - an orb of wrath
 n - a +0 kite shield
 r - a +0 helmet (worn)
 t - a +0 chain mail
Magical Staves
 g - a staff of fire
Jewellery
 B - a +6 ring of intelligence
 C - a ring of magical power
 D - a ring of protection from fire
Wands
 f - a wand of digging (6)
 v - a wand of flame (27)
Scrolls
 b - 4 scrolls of immolation
 d - 2 scrolls of vulnerability {unknown}
 i - a scroll of identify
 j - a scroll of enchant armour {unknown}
 k - 3 scrolls of teleportation {unknown}
 m - a scroll of butterflies {unknown}
 s - 4 scrolls of blinking {unknown}
 u - a scroll of magic mapping {unknown}
 x - a scroll of poison {unknown}
Potions
 w - a potion of flight {unknown}
 z - a potion of magic {unknown}


   Skills:
 - Level 4.0 Fighting
 * Level 7.8 Ranged Weapons
 - Level 3.0 Dodging
 - Level 2.0 Stealth


You had 4 spell levels left.
You knew the following spells:

 Your Spells              Type           Power      Damage    Failure   Level
e - Wereblood             Tmut           0%         N/A       56%         2

Your spell library contained the following spells:

 Spells                   Type           Power      Damage    Failure   Level
 Freeze                   Ice            0%         1d3       41%         1
 Sublimation of Blood     Necr           0%         N/A       56%         2
 Frozen Ramparts          Ice            0%         1d1       80%         3
 Hailstorm                Conj/Ice       0%         3d3       80%         3
 Summon Hydra             Summ           0%         N/A       100%        7


Dungeon Overview and Level Annotations

Branches:
Dungeon (5/15)
 Temple: D:4-7

Annotations:
D:5 Menkaure


Innate Abilities, Weirdness & Mutations

You have an increased reservoir of magic. (+10% MP)
You shall have no god before yourself.
Your divine heritage dramatically boosts your attributes as you level up.


Message History

Aim: an adder (heavily wounded, 55% to hit)
You shoot an arrow. The arrow hits the adder.
The adder is almost dead.
You feel sick. The adder closely misses you. The iguana bites you!
Fire: a) +0 shortbow
Press: ? - help, Q - select action, (/) - cycle Shift-Dir - straight line, f/p - adder
Aim: an adder (almost dead, 55% to hit)
You shoot an arrow. The arrow closely misses the adder.
You feel sick. The adder bites you but does no damage. The iguana bites you!
The adder misses you.
Fire: a) +0 shortbow
Press: ? - help, Q - select action, (/) - cycle Shift-Dir - straight line, f/p - adder
Aim: an adder (almost dead, 55% to hit)
You shoot an arrow. The arrow hits the adder!
You kill the adder!
You feel sick. The iguana bites you!
* * * LOW HITPOINT WARNING * * *
Fire: a) +0 shortbow
Press: ? - help, Q - select action, (/) - cycle Shift-Dir - straight line, f - iguana
Aim: an iguana (72% to hit)
You shoot an arrow. The arrow hits the iguana.
The iguana is lightly wounded.
You feel sick.
The iguana bites you but does no damage.
The iguana barely misses you.
Fire: a) +0 shortbow
Press: ? - help, Q - select action, (/) - cycle Shift-Dir - straight line, f/p - iguana
Aim: an iguana (lightly wounded, 72% to hit)
You shoot an arrow. The arrow hits the iguana!
The iguana is heavily wounded.
You feel sick.
You are no longer poisoned.
The iguana bites you!
* * * LOW HITPOINT WARNING * * *
Fire: a) +0 shortbow
Press: ? - help, Q - select action, (/) - cycle Shift-Dir - straight line, f/p - iguana
Aim: an iguana (heavily wounded, 72% to hit)
You shoot an arrow. The arrow barely misses the iguana.
The iguana bites you!
You die...

#.# #.# ..#
#.# ### #.# ..
#^# ### ### ..
#.## ..##...#
##
#...#......# #
.#.#....#)...#
..
.........#[.#
# #..†@..#
##..l..# #
#$..##.### #..
... #. #### #


You could see an iguana.

Vanquished Creatures
  Sigmund (D:5)
  A steam dragon (D:5)
  A water moccasin (D:3)
  A black bear (D:5)
  An ogre (D:3)
  3 hounds
  2 orc priests (D:3)
  Robin (D:4)
  4 gnolls (D:2)
  7 adders
  2 worms
  4 dart slugs
  11 orcs
  8 ball pythons
  10 endoplasms
  A giant cockroach (D:3)
  21 goblins
  13 hobgoblins
  6 jackals
  5 quokkas
  8 bats
  2 frilled lizards
  6 kobolds
  11 rats
130 creatures vanquished.

Vanquished Creatures (others)
  2 plants (D:2)
2 creatures vanquished.

Grand Total: 132 creatures vanquished

Notes
Turn   | Place    | Note
-------+----------+-------------------------------------------
     0 | D:1      | avis the Demigod Hunter began the quest for the Orb.
     0 | D:1      | Reached XP level 1. HP: 17/17 MP: 3/3
   124 | D:1      | Reached skill level 4 in Ranged Weapons
   141 | D:1      | Reached XP level 2. HP: 24/24 MP: 4/4
   200 | D:1      | Reached skill level 1 in Stealth
   634 | D:1      | Reached XP level 3. HP: 30/30 MP: 5/5
   930 | D:2      | HP: 2/46 [poisoned by an adder]
  1071 | D:2      | Learned a level 2 spell: Wereblood
  1222 | D:2      | Reached XP level 4. HP: 27/38 MP: 6/6
  1724 | D:3      | Reached skill level 5 in Ranged Weapons
  2083 | D:3      | Noticed a water moccasin
  2456 | D:3      | You fall into a shaft and drop 2 floors!
  2456 | D:5      | Entered Level 5 of the Dungeon
  2479 | D:5      | Noticed a black bear
  2493 | D:5      | Killed a black bear
  2494 | D:5      | Reached XP level 5. HP: 15/45 MP: 7/7
  2633 | D:4      | Reached skill level 6 in Ranged Weapons
  2902 | D:3      | Killed a water moccasin
  2903 | D:3      | Reached XP level 6. HP: 8/51 MP: 8/8
  3471 | D:4      | Noticed Robin
  4194 | D:4      | Reached XP level 7. HP: 59/59 MP: 9/9
  4406 | D:5      | Noticed Menkaure
  4592 | D:4      | Killed Robin
  4770 | D:5      | Noticed a steam dragon
  4786 | D:5      | Killed a steam dragon
  4787 | D:5      | Reached skill level 7 in Ranged Weapons
  5163 | D:5      | Noticed Sigmund
  5170 | D:5      | Killed Sigmund
  5179 | D:5      | Slain by an iguana

Illustrated notes

Levels and vault maps discovered:
D:1:      amcnicky_arrival_feature_with_door, layout_basic,
          palyth_stone_intersect, minmay_cut_off
D:2:      layout_basic, serial_bayou_lagoon_b
D:3:      layout_basic, grunt_ministairs_10, kennysheep_generic_room_5
D:4:      cheibrodos_greedy_goblins, layout_loops_ring,
          nemelex_spade_bored_becter, minmay_distorted, uniq_robin
D:5:      layout_basic, minmay_temple_entry_antechambers,
          hangedman_decor_slide_cut, uniq_sigmund, uniq_menkaure

Skill      XL: |  1  2  3  4  5  6  7 |
---------------+----------------------+-----
Fighting       | 2 3 4 |  4.0
Ranged Weapons | 4 5 6 7 |  7.8
Dodging        | 2 3 |  3.0
Stealth        | 1 2 |  2.0

Action                     |  1- 3 |  4- 6 |  7- 9 || total
---------------------------+-------+-------+-------++-------
  Melee: Long sword        |       |     5 |       ||     5
   Fire: Shortbow          |   114 |   197 |    79 ||   390
    Use: Potion            |     3 |     5 |       ||     8
         Scroll            |       |     5 |       ||     5
   Stab: Invisible         |       |     2 |       ||     2
 Armour: Leather armour    |    16 |    36 |    14 ||    66
  Dodge: Dodged            |    29 |    95 |    28 ||   152

Table legend: (Time is in decaauts)
 A = Elapsed time spent in this place.
 B = Non-inter-level travel time spent in this place.
 C = Inter-level travel time spent in this place.
 D = Time resting spent in this place.
 E = Time spent auto-exploring this place.
 F = Levels seen in this place.
 G = Mean time per level.
                   A        B        C        D        E       F      G
               +--------+--------+--------+--------+--------+-----+--------+
         Total |   5298 |   4563 |    735 |    975 |   2338 |   5 | 1059.6 |
       Dungeon |   5298 |   4563 |    735 |    975 |   2338 |   5 | 1059.6 |
               +--------+--------+--------+--------+--------+-----+--------+

Top non-repeatable levels by time:
     D:3: 1892 daAuts
     D:1: 977 daAuts
     D:4: 919 daAuts
     D:2: 907 daAuts
     D:5: 601 daAuts
